 Dungeon Crawl Stone Soup version 0.29-a0-317-gd16b76e6b1 (webtiles) character file.

Game seed: 16010040709863290960

10240 Ijustatesigmund the Blocker (level 11, 0/69 HPs)
             Began as a Tengu Monk on Mar 31, 2022.
             Was a Priest of Kikubaaqudgha.
             Slain by a manticore (7 damage)
             ... on level 11 of the Dungeon.
             The game lasted 00:25:22 (13721 turns).

Ijustatesigmund the Blocker (Tengu Monk)           Turns: 13721, Time: 00:25:23

Health: 0/69       AC: 23    Str: 13    XL:     11   Next: 59%
Magic:  12/12      EV: 11    Int: 25    God:    Kikubaaqudgha [***...]
Gold:   666        SH: 19    Dex: 16    Spells: 9/10 levels left

rFire   . . .      SeeInvis .   a - +0 war axe (vorpal)
rCold   . . .      Faith    .   u - +2 kite shield
rNeg    . . .      Spirit   .   p - +9 chain mail "Reesieff" {Int+5}
rPois   .          Reflect  +   z - +1 hat {Stlth+}
rElec   .          Harm     .   y - +1 cloak
rCorr   .          Rampage  .   l - +0 pair of gloves
Will    .....                   (boots unavailable)
Stlth   ..........              j - amulet of reflection
HPRegen 0.21/turn               g - +6 ring of intelligence
MPRegen 0.13/turn               e - +4 ring of evasion

@: about to teleport, flying quickly and evasively, quick
A: beak, talons 3, nimble flight
a: Renounce Religion, Receive Corpses


You were on level 11 of the Dungeon.
You worshipped Kikubaaqudgha.
Kikubaaqudgha was most pleased with you.
You visited 2 branches of the dungeon, and saw 12 of its levels.

You collected 666 gold pieces.

Inventory:

Hand Weapons
 a - a +0 vorpal war axe (weapon)
 r - a +0 hand axe of freezing
Missiles
 d - 16 poisoned darts (quivered)
 k - 2 throwing nets
Armour
 l - a +0 pair of gloves (worn)
 p - the +9 chain mail "Reesieff" (worn) {Int+5}
   (You found it on level 7 of the Dungeon)

   Int:       It affects your intelligence (+5).
 u - a +2 kite shield (worn)
 v - a +2 buckler of cold resistance
 y - a +1 cloak (worn)
 z - a +1 hat of stealth (worn)
Jewellery
 e - a +4 ring of evasion (right hand)
 g - a +6 ring of intelligence (left hand)
 j - an amulet of reflection (around neck)
Wands
 A - a wand of iceblast (4)
Scrolls
 h - 5 scrolls of teleportation
 i - a scroll of fear
 q - 6 scrolls of amnesia
 t - 3 scrolls of fog
 w - 2 scrolls of blinking
Potions
 b - a potion of might
 c - 2 potions of ambrosia
 f - 3 potions of mutation
 m - a potion of brilliance
 n - a potion of heal wounds
 o - a potion of berserk rage {unknown}
 s - 2 potions of attraction
 x - 2 potions of curing
 B - a potion of resistance {unknown}
 C - a potion of lignification {unknown}


   Skills:
 + Level 8.6 Fighting
 - Level 7.2(8.2) Axes
 + Level 5.7(7.4) Maces & Flails
 + Level 6.0 Armour
 + Level 3.2 Dodging
 - Level 2.0 Stealth
 - Level 10.4 Shields
 - Level 8.2 Necromancy


You had 9 spell levels left.
You knew the following spells:

 Your Spells              Type           Power      Damage    Failure   Level
a - Animate Skeleton      Necr           82%        N/A       24%         1

Your spell library contained the following spells:

 Spells                   Type           Power      Damage    Failure   Level
 Pain                     Necr           100%       1d9       24%         1
 Vampiric Draining        Necr           41%        2d8       58%         3
 Animate Dead             Necr           20%        N/A       94%         4
 Anguish                  Hex/Necr       10%        N/A       100%        4
 Agony                    Necr           41%        N/A       100%        5
 Borgnjor's Vile Clutch   Necr/Erth      10%        N/A       100%        5
 Summon Forest            Summ/Tloc      0%         N/A       100%        5
 Death Channel            Necr           20%        N/A       100%        6
 Eringya's Noxious Bog    Tmut/Pois      0%         N/A       100%        6
 Simulacrum               Ice/Necr       10%        N/A       100%        6
 Summon Hydra             Summ           0%         N/A       100%        7


Dungeon Overview and Level Annotations

Branches:
Dungeon (11/15)            Temple (1/1) D:6            Lair (0/6) D:8
    Orc (0/2) D:10

Altars:
Gozag
Kikubaaqudgha
Makhleb
Beogh

Shops:
D:4 (   D:7 *   D:10 (   D:11 (


Innate Abilities, Weirdness & Mutations

You have a beak for a mouth.
You have claws for feet.
Your magical nature lets you fly swiftly and evasively.


Message History

The cyan ugly thing gurgles horribly!
You hit the cyan ugly thing. You claw the cyan ugly thing.
The cyan ugly thing is lightly wounded.
You block the cyan ugly thing's attack.
You slash the cyan ugly thing! You claw the cyan ugly thing.
The cyan ugly thing is moderately wounded.
The cyan ugly thing tentacle-slaps you! The cyan ugly thing shocks you!
You closely miss the cyan ugly thing.
You claw the cyan ugly thing, but do no damage.
The cyan ugly thing is moderately wounded.
The cyan ugly thing tentacle-slaps you. The cyan ugly thing shocks you!
You are too injured to fight recklessly!
You are too injured to fight recklessly!
You are too injured to fight recklessly!
You are too injured to fight recklessly!
You are too injured to fight recklessly!
You are too injured to fight recklessly!
As you read the scroll of fear, it crumbles to dust.
You assume a fearsome visage.
The cyan ugly thing looks frightened!
The cyan ugly thing enters a dispersal trap!
You blink.
Found 2 potions of attraction and 130 gold pieces.
Found Veysmuha's Antique Weapon Boutique.
The cyan ugly thing blinks!
You reach down and close the door.
You start resting.
A manticore comes into view.
A cyan ugly thing breaks down the door.
As you read the scroll of teleportation, it crumbles to dust.
You feel strangely unstable.
The cyan ugly thing attacks as you move away!
You block the cyan ugly thing's attack. You block the manticore's attack.
The manticore claws you but does no damage.
You block the manticore's attack.
The cyan ugly thing attacks as you move away!
The cyan ugly thing tentacle-slaps you. The cyan ugly thing shocks you!
* * * LOW HITPOINT WARNING * * *
The manticore bites you!
You die...
Kikubaaqudgha rasps: "You have failed me!
Welcome... death!"

...........
.........####
........#...
..........#
..........
.........
#....#
.########@#
$$$...^.H.#
$∩$.....u.#
$$$.....!.#
######'####
#.# ####.#
#<...# ######


You could see a cyan ugly thing and a manticore.

Vanquished Creatures
  Gastronok (D:8)
  A two-headed ogre (D:9)
  Amaemon (D:10)
  An orange demon (D:10)
  A troll (D:10)
  A hornet (D:10)
  3 wyverns
  2 wraiths
  6 yaks
  A steam dragon (D:7)
  7 vampire mosquitoes
  Grum (D:8)
  2 water moccasins (D:8)
  2 sky beasts
  2 orc warriors
  A black bear (D:8)
  5 wolves
  3 centaurs
  2 kobold brigands
  5 bullfrogs
  A necrophage (D:5)
  4 gnoll sergeants (D:5)
  8 scorpions
  6 wights
  10 killer bees
  An electric eel (D:10)
  4 howler monkeys
  4 hounds
  3 jellies
  2 gnoll shamans
  7 orc priests
  Crazy Yiuf (D:7)
  An iguana (D:4)
  4 orc wizards
  6 adders
  15 gnolls
  A river rat (D:6)
  3 shadow imps
  A white imp (D:7)
  3 ufetubi
  5 worms
  3 dart slugs
  30 orcs
  5 ball pythons
  2 bats
  7 endoplasms
  3 giant cockroaches (D:2)
  9 goblins
  4 hobgoblins
  12 jackals
  5 quokkas
  2 frilled lizards (D:1)
  17 kobolds
  8 rats
245 creatures vanquished.

Vanquished Creatures (collateral kills)
  A gnoll sergeant (D:10)
  An orc (D:10)
2 creatures vanquished.

Vanquished Creatures (others)
  A bush (D:6)
  58 fungi
  55 plants
114 creatures vanquished.

Grand Total: 361 creatures vanquished

Notes
Turn   | Place    | Note
-------+----------+-------------------------------------------
     0 | D:1      | Ijustatesigmund the Tengu Monk began the quest for the Orb.
     0 | D:1      | Reached XP level 1. HP: 14/14 MP: 2/2
   110 | D:1      | Reached XP level 2. HP: 18/19 MP: 3/3
   516 | D:1      | Reached XP level 3. HP: 22/23 MP: 4/4
   759 | D:2      | Reached skill level 1 in Armour
  1323 | D:2      | Reached XP level 4. HP: 29/29 MP: 5/5
  2121 | D:3      | Found a faded altar of an unknown god.
  2254 | D:3      | Found a burning altar of Makhleb.
  2589 | D:4      | Noticed a scorpion
  2601 | D:4      | Killed a scorpion
  2602 | D:4      | Gained mutation: Your magical nature lets you fly swiftly
                  | and evasively. [Tengu growth]
  2602 | D:4      | Reached XP level 5. HP: 32/33 MP: 6/6
  2608 | D:4      | Found Baneb's Weapon Shoppe.
  2735 | D:4      | Reached skill level 5 in Axes
  2735 | D:4      | Reached XP level 6. HP: 25/39 MP: 7/7
  3212 | D:4      | You are sucked into a shaft and drop 3 floors!
  3212 | D:7      | Noticed a steam dragon
  3214 | D:7      | Identified the +9 chain mail "Reesieff" {Int+5}
  3822 | D:6      | Found a staircase to the Ecumenical Temple.
  3863 | D:6      | Noticed a sky beast
  3880 | D:6      | Killed a sky beast
  3881 | D:6      | Reached skill level 5 in Fighting
  3881 | D:6      | Reached XP level 7. HP: 31/44 MP: 8/8
  4944 | D:5      | Entered Level 5 of the Dungeon
  4958 | D:5      | Reached skill level 5 in Armour
  5020 | D:6      | Reached XP level 8. HP: 49/51 MP: 9/9
  5908 | D:4      | Learned a level 1 spell: Animate Skeleton
  6065 | D:5      | Reached skill level 1 in Necromancy
  6998 | D:5      | Reached skill level 5 in Necromancy
  6998 | D:5      | Reached XP level 9. HP: 49/56 MP: 10/10
  7411 | D:5      | Reached skill level 1 in Shields
  7462 | D:7      | Reached skill level 2 in Shields
  7748 | D:7      | Found a runed translucent door.
  7749 | D:7      | Noticed Crazy Yiuf
  7777 | D:7      | Reached skill level 3 in Shields
  8170 | D:7      | Found Plog's Overcharged Wands.
  8650 | D:7      | Killed Crazy Yiuf
  8737 | D:8      | Noticed Gastronok
  8807 | D:7      | Reached skill level 4 in Shields
  8987 | D:8      | Killed Gastronok
  8988 | D:8      | Reached skill level 8 in Shields
  8988 | D:8      | Reached XP level 10. HP: 40/61 MP: 11/11
  9330 | Temple   | Entered the Ecumenical Temple
  9429 | Temple   | Became a worshipper of Kikubaaqudgha
  9429 | Temple   | Reached * piety under Kikubaaqudgha
  9429 | Temple   | Received a gift from Kikubaaqudgha
  9429 | Temple   | Reached ** piety under Kikubaaqudgha
  9497 | D:8      | Reached skill level 9 in Shields
  9507 | D:7      | Reached skill level 1 in Maces & Flails
  9710 | D:8      | Found a staircase to the Lair.
  9765 | D:8      | Noticed Grum
  9791 | D:8      | Killed Grum
 11096 | D:9      | Noticed a two-headed ogre
 11105 | D:9      | Killed a two-headed ogre
 11106 | D:9      | Reached XP level 11. HP: 68/68 MP: 12/12
 11443 | D:9      | Reached *** piety under Kikubaaqudgha
 11443 | D:9      | Received a gift from Kikubaaqudgha
 11486 | D:9      | Identified the +6 flail of the Nurturing Hawk {freeze,
                  | Fragile rPois rCorr Int-3}
 11705 | D:10     | Entered Level 10 of the Dungeon
 11727 | D:10     | Found Zilackupu's Weapon Shoppe.
 11746 | D:10     | Found a staircase to the Orcish Mines.
 11938 | D:10     | Noticed Amaemon
 11950 | D:10     | Killed Amaemon
 11951 | D:10     | Reached skill level 10 in Shields
 11969 | D:10     | Reached skill level 5 in Maces & Flails
 12314 | D:10     | Noticed a centaur warrior
 13022 | D:10     | Paralysed by a hornet for 2 turns
 13706 | D:11     | Noticed a cyan ugly thing
 13712 | D:11     | Found Veysmuha's Antique Weapon Boutique.
 13717 | D:11     | Noticed a manticore
 13721 | D:11     | Slain by a manticore

Illustrated notes

Levels and vault maps discovered:
D:1:      saegor_arrival_simple_e, layout_basic
D:2:      layout_loops_ring, serial_aquarium, aquarium_bridge_square
          [aquarium_subvault_bridge, aquarium_subvault_bridge,
          aquarium_subvault_bridge, aquarium_subvault_window],
          aquarium_bridge_straight [aquarium_subvault_bridge,
          aquarium_subvault_window, aquarium_subvault_bridge,
          aquarium_subvault_wall], aquarium_window_corridor_2,
          aquarium_window_fake, aquarium_window_1, aquarium_window_1,
          aquarium_view_2c, aquarium_pool_2
D:3:      layout_loops_ring, lightli_temple_of_fire,
          hellmonk_ecumenical_altar_pennies_from_heaven, minivault_23
D:4:      layout_basic, serial_shops, nicolae_shop_bloodbath_and_beyond
D:5:      layout_cave_pools, serial_gnoll_camp, gnoll_camp_mini_house,
          gnoll_camp_mini_basic, gnoll_camp_mini_hut, gnoll_camp_medium_02,
          gnoll_camp_mini_hut, minmay_tree_intersection, nrook_campfire,
          kennysheep_generic_room_5
D:6:      layout_basic, temple_fountains, lightli_sewer_entry_pipes, hex_large,
          kb_lookout_dungeons_type
D:7:      layout_basic, nicolae_shop_overcharged_wands, uniq_crazy_yiuf_cottage
D:8:      layout_layer_cave, due_lair_maze_entry_diamond, uniq_grum,
          uniq_gastronok
D:9:      layout_loops_ring
D:10:     layout_basic, minmay_orc_entry_temple_small, serial_shops, shop,
          fungi_pond_lemuel, lightli_corner_chamber, uniq_amaemon
D:11:     layout_basic, serial_shops, shop_coins, minmay_door_square
Temple:   mainiacjoe_temple_circle_huts

Skill      XL: |  1  2  3  4  5  6  7  8  9 10 11 |
---------------+----------------------------------+-----
Axes           | 4 5 6 7 |  7.2
Armour         | 1 2 3 4 5 6 |  6.0
Fighting       | 4 5 6 7 8 |  8.6
Necromancy     | 5 7 8 |  8.2
Shields        | 8 9 10 | 10.4
Maces & Flails | 4 5 |  5.7
Dodging        | |  3.2
Stealth        | |  2.0

Action                   |  1- 3 |  4- 6 |  7- 9 | 10-12 || total
-------------------------+-------+-------+-------+-------++-------
Melee: Hand axe          |    82 |   158 |   155 |       ||   395
       Kick              |    19 |    49 |   104 |   159 ||   331
       Peck              |     9 |    33 |    70 |    98 ||   210
       Punch             |     1 |       |       |       ||     1
       War axe           |       |       |   125 |   417 ||   542
Throw: Dart              |       |       |     1 |    10 ||    11
 Cast: Animate Skeleton  |       |       |     2 |     3 ||     5
Invok: Receive Corpses   |       |       |       |     2 ||     2
Evoke: Wand              |       |       |     4 |       ||     4
  Use: Scroll            |     4 |     8 |     8 |     6 ||    26
       Potion            |       |     1 |     5 |     1 ||     7
 Stab: Sleeping          |     2 |       |       |       ||     2
Armor: Robe              |     1 |       |       |       ||     1
       Chain mail        |    27 |    86 |   188 |   201 ||   502
Dodge: Dodged            |    32 |    39 |   106 |   104 ||   281
Block: Other             |       |       |    16 |       ||    16
       Kite shield       |       |       |    48 |   449 ||   497
       Reflection        |       |       |     5 |     9 ||    14

Table legend: (Time is in decaauts)
 A = Elapsed time spent in this place.
 B = Non-inter-level travel time spent in this place.
 C = Inter-level travel time spent in this place.
 D = Time resting spent in this place.
 E = Time spent auto-exploring this place.
 F = Levels seen in this place.
 G = Mean time per level.
                   A        B        C        D        E       F      G
               +--------+--------+--------+--------+--------+-----+--------+
         Total |  13444 |  13020 |    424 |   2706 |   8106 |  12 | 1120.3 |
       Dungeon |  13331 |  12919 |    412 |   2706 |   8026 |  11 | 1211.9 |
        Temple |    112 |    101 |     11 |      0 |     80 |   1 |  112.0 |
               +--------+--------+--------+--------+--------+-----+--------+

Top non-repeatable levels by time:
     D:6: 2331 daAuts
    D:10: 1761 daAuts
     D:8: 1672 daAuts
     D:7: 1569 daAuts
     D:4: 1224 daAuts
     D:5: 1174 daAuts
     D:9: 1036 daAuts
     D:2: 992 daAuts
     D:3: 952 daAuts
     D:1: 597 daAuts
  Temple: 112 daAuts
    D:11: 20 daAuts
